Map: 2000 Atmospheres LE

Players

Iba

  • Race: Zerg Zerg
  • League: Grandmaster

DisK - Winner!

  • Race: Protoss Protoss
  • League: Grandmaster

VOD

Have the link to the VOD?

Description

Time

  • Played on: Jan. 19, 2022, 3:19 p.m.
  • Length: 12:04
Show
View Real Time Build Order
Export as new Build Order

Iba Zerg 

Build Orders: Hatch First, Lurkers 

Get SALT Encoding   

  12  0:00  Drone  
  13  0:12  Overlord  
  13  0:18  Drone  
  14  0:31  Drone x2  
  16  0:51  Hatchery  
  16  0:53  Drone  
  16  0:57  Drone  
  17  1:01  Drone  
  18  1:11  Extractor  
  17  1:16  Spawning Pool  
  16  1:20  Drone  
  16  1:23  Drone  
  18  1:29  Drone  
  19  1:43  Drone  
  20  1:52  Overlord  
  20  2:03  Queen x2  
  20  2:04  Zergling x4  
  26  2:13  Drone  
  26  2:15  Drone  
  28  2:17  Metabolic Boost  
  28  2:24  Drone  
  28  2:25  Drone  
  30  2:40  Hatchery  
  30  2:43  Drone  
  30  2:45  Drone  
  30  2:47  Drone  
  32  2:54  Overlord  
  32  2:57  Drone x2  
  34  3:03  Queen  
  36  3:09  Extractor  
  36  3:10  Extractor  
  36  3:11  Zergling x4  
  36  3:15  Queen  
  36  3:18  Drone  
  36  3:19  Drone  
  42  3:23  Overlord  
  42  3:26  Drone  
  44  3:27  Drone  
  44  3:34  Overlord  
  44  3:43  Queen  
  44  3:44  Drone  
  44  3:45  Drone x2  
  44  3:47  Drone  
  50  3:49  Spore Crawler  
  49  3:56  Drone x3  
  49  3:59  Spore Crawler  
  49  4:00  Spore Crawler  
  50  4:03  Queen  
  50  4:04  Drone  
  50  4:05  Drone  
  50  4:08  Drone x3  
  59  4:12  Spore Crawler  
  59  4:13  Drone  
  59  4:14  Drone  
  60  4:21  Drone x4  
  63  4:29  Drone, Roach Warren  
  63  4:30  Drone  
  64  4:32  Drone  
  64  4:33  Drone  
  64  4:36  Overlord  
  66  4:39  Extractor  
  66  4:40  Extractor  
  58  4:46  Drone x6  
  58  4:50  Drone  
  58  4:51  Drone  
  58  4:52  Overlord  
  66  4:56  Drone x4  
  66  4:58  Drone  
  71  5:02  Lair  
  71  5:05  Drone  
  71  5:06  Drone  
  73  5:07  Drone  
  73  5:11  Drone  
  73  5:14  Drone x3  
  78  5:18  Spore Crawler  
  77  5:22  Drone x2  
  77  5:23  Drone  
  77  5:26  Extractor x2  
  77  5:27  Extractor  
  77  5:34  Overlord  
  77  5:36  Drone  
  77  5:38  Evolution Chamber  
  77  5:42  Drone x5  
  81  5:43  Hatchery, Drone  
  81  5:47  Overlord  
  81  5:48  Overlord x2  
  81  6:01  Roach x4  
  81  6:03  Glial Reconstitution, Zerg Missile Weapons Level 1  
  89  6:04  Overlord  
  89  6:08  Roach  
  89  6:09  Roach  
  89  6:10  Roach x5  
  95  6:15  Drone  
  95  6:16  Infestation Pit, Drone  
  95  6:17  Hydralisk Den  
  95  6:18  Roach  
  95  6:21  Ravager x3  
  95  6:22  Ravager  
  101  6:26  Roach x3  
  101  6:31  Roach x4  
  110  6:33  Overlord  
  110  6:36  Ravager x2  
  110  6:39  Ravager x4  
  116  6:40  Roach  
  116  6:41  Roach  
  116  6:46  Roach  
  122  6:47  Overlord x2  
  122  6:49  Overlord  
  121  6:57  Zergling x14  
  128  7:03  Ravager x2  
  128  7:04  Ravager  
  128  7:05  Roach x3  
  134  7:09  Zergling x4  
  136  7:19  Roach x6  
  136  7:22  Roach x3  
  137  7:23  Zergling x4  
  137  7:29  Zergling x10  
  130  7:30  Zergling x2  
  130  7:34  Drone x2  
  110  7:44  Roach x4  
  109  7:51  Roach x2  
  109  7:54  Roach x2  
  110  8:03  Roach x3  
  108  8:06  Roach  
  108  8:12  Roach x2  
  108  8:15  Roach  
  108  8:16  Roach, Queen x3  
  110  8:23  Roach x2  
  110  8:25  Roach x2  
  105  8:28  Ravager x5  
  105  8:31  Lurker Den  
  109  8:35  Roach, Ravager x2  
  109  8:36  Roach x3  
  109  8:39  Ravager  
  118  8:51  Zergling x8  
  116  8:58  Extractor, Drone  
  116  9:00  Extractor  
  116  9:01  Zerg Missile Weapons Level 2  
  115  9:04  Roach x3  
  115  9:05  Queen  
  115  9:07  Drone  
  115  9:08  Drone x3  
  129  9:13  Drone x2  
  129  9:14  Drone  
  132  9:19  Roach x3  
  132  9:21  Hive, Queen  
  132  9:22  Roach  
  140  9:29  Hydralisk x3  
  140  9:30  Hydralisk x3  
  151  9:40  Drone  
  151  9:42  Overlord x2  
  152  9:48  Overlord  
  150  9:55  Lurker x2  
  150  9:56  Lurker x4  
  150  9:59  Drone  
  157  10:00  Drone, Overlord x2  
  157  10:02  Hatchery  
  157  10:06  Hydralisk  
  156  10:07  Hydralisk x4  
  166  10:27  Hydralisk x7  
  180  10:33  Spine Crawler, Seismic Spines  
  180  10:35  Lurker x2, Spine Crawler  
  180  10:40  Lurker  
  169  10:48  Viper  
  172  10:53  Lurker  
  172  10:54  Drone  
  172  10:56  Extractor, Drone  
  174  11:01  Viper  
  177  11:05  Extractor  
  159  11:22  Roach  
  159  11:23  Roach x17  
  159  11:25  Zergling x20  
  131  11:33  Zergling x2  
  131  11:39  Zergling x14  
Show
View Real Time Build Order
Export as new Build Order

DisK Protoss - Winner!

Build Orders: 1 Gate Expand, Oracle Opening 

Get SALT Encoding   

  12  0:00  Probe  
  13  0:12  Probe  
  14  0:17  Pylon  
  14  0:24  Probe  
  15  0:35  Gateway  
  15  0:38  Probe (Chrono Boost)  
  16  0:46  Probe (Chrono Boost)  
  16  0:47  Assimilator  
  17  0:52  Probe  
  18  1:04  Probe  
  19  1:16  Probe  
  20  1:24  Nexus  
  20  1:34  Cybernetics Core  
  20  1:37  Probe  
  21  1:43  Assimilator  
  21  1:50  Probe  
  21  1:53  Pylon  
  22  2:02  Probe (Chrono Boost)  
  23  2:08  Adept (Chrono Boost)  
  23  2:14  Probe (Chrono Boost)  
  26  2:17  Stargate  
  26  2:19  Probe (Chrono Boost)  
  27  2:24  Warp Gate  
  27  2:33  Probe (Chrono Boost)  
  27  2:38  Probe (Chrono Boost)  
  27  2:40  Adept  
  30  2:48  Probe (Chrono Boost)  
  30  2:49  Probe (Chrono Boost)  
  32  2:53  Probe (Chrono Boost)  
  32  2:58  Probe  
  34  2:59  Oracle (Chrono Boost)  
  34  3:04  Probe  
  38  3:10  Probe  
  39  3:12  Pylon  
  39  3:16  Probe  
  39  3:18  Gateway  
  40  3:22  Probe  
  41  3:29  Probe  
  41  3:34  Oracle, Probe  
  45  3:41  Probe  
  47  3:46  Nexus  
  47  3:49  Pylon  
  47  3:51  Probe  
  47  3:54  Probe  
  49  4:03  Probe  
  49  4:06  Assimilator  
  49  4:07  Probe (Chrono Boost)  
  49  4:08  Assimilator  
  51  4:12  Shield Battery, Adept  
  51  4:13  Sentry  
  51  4:15  Probe (Chrono Boost)  
  56  4:19  Probe (Chrono Boost)  
  58  4:25  Probe (Chrono Boost)  
  58  4:28  Probe (Chrono Boost)  
  58  4:30  Twilight Council, Forge, Probe (Chrono Boost)  
  59  4:36  Pylon  
  59  4:37  Probe  
  61  4:46  Probe  
  61  4:50  Protoss Ground Weapons Level 1 (Chrono Boost)  
  62  4:54  Probe, Gateway  
  62  4:55  Blink (Chrono Boost)  
  62  4:56  Gateway  
  62  4:59  Pylon, Probe x2  
  65  5:01  Sentry x2  
  69  5:08  Probe  
  69  5:11  Pylon  
  69  5:13  Probe  
  71  5:14  Probe  
  72  5:22  Probe  
  72  5:24  Pylon  
  72  5:25  Robotics Facility, Probe  
  74  5:30  Gateway  
  74  5:32  Gateway  
  74  5:34  Probe  
  74  5:35  Probe  
  76  5:37  Probe  
  77  5:46  Probe  
  77  5:47  Probe  
  77  5:49  Probe  
  80  5:51  Assimilator x2  
  80  5:54  Sentry, Gateway  
  80  5:55  Sentry  
  80  5:56  Sentry  
  86  5:57  Gateway  
  86  5:58  Probe  
  86  5:59  Probe  
  86  6:02  Gateway  
  88  6:09  Probe  
  88  6:10  Probe  
  90  6:12  Stalker  
  90  6:15  Warp Prism (Chrono Boost)  
  90  6:18  Pylon  
  94  6:19  Stalker x2  
  98  6:28  Stalker x3  
  98  6:32  Pylon  
  104  6:36  Stalker  
  106  6:43  Stalker  
  106  6:44  Stalker  
  106  6:45  Pylon x2  
  110  7:04  Stalker x7  
  114  7:27  Stalker x4  
  114  7:28  Stalker x5  
  102  7:50  Stalker  
  102  7:51  Stalker x4  
  87  8:00  Stalker x4, Nexus  
  87  8:01  Stalker x5  
  99  8:12  Protoss Ground Weapons Level 2 (Chrono Boost)  
  99  8:14  Probe  
  99  8:15  Pylon  
  99  8:16  Pylon  
  99  8:18  Robotics Bay  
  86  8:27  Stalker x5  
  86  8:29  Observer  
  86  8:32  Probe x2 (Chrono Boost)  
  86  8:33  Probe (Chrono Boost)  
  100  8:34  Shield Battery  
  100  8:43  Robotics Facility  
  100  8:44  Probe x3 (Chrono Boost)  
  103  8:50  Charge  
  103  8:52  Immortal (Chrono Boost)  
  101  8:59  Probe x3  
  104  9:04  Assimilator  
  104  9:05  Assimilator  
  104  9:07  Sentry x2  
  104  9:08  Stalker x2, Sentry  
  114  9:12  Photon Cannon  
  114  9:23  Photon Cannon  
  114  9:24  Photon Cannon  
  114  9:25  Stalker x2  
  114  9:26  Disruptor (Chrono Boost)  
  114  9:29  Observer  
  121  9:31  Disruptor (Chrono Boost)  
  122  9:39  Stalker x3  
  122  9:40  Probe  
  122  9:44  Pylon  
  129  9:51  Disruptor, Stalker x3  
  135  9:58  Disruptor  
  138  10:02  Stalker x2  
  145  10:09  Stalker x3  
  145  10:13  Gravitic Boosters  
  151  10:17  Stalker x2  
  155  10:25  Templar Archives  
  155  10:29  Stalker x3  
  153  10:52  Zealot x4  
  153  10:53  Zealot x5  
  153  10:56  Gateway  
  171  11:00  Probe x3  
  171  11:01  Gateway  
  174  11:06  Fleet Beacon  
  158  11:30  Stalker x4  
  158  11:31  Stalker x5  
  156  11:36  Observer  
  153  11:44  Dark Shrine  
  153  11:46  Photon Cannon  
Tags
 
Add a new tag
Caveats
  • Supply blocks, unpowered buildings, or Contaminate may cause inaccurate times.
  • Supply counts are checked every 10 seconds.